 Dungeon Crawl Stone Soup version 0.25-a0-697-g890751e744 (webtiles) character file.

Game seed: 9973508475543197629, levelgen mode: deterministic

172 M4edhros the Sneak (level 5, -1/33 HPs)
             Began as an Octopode Artificer on Apr 1, 2020.
             Slain by an orc
             ... wielding a +0 club
              (4 damage)
             ... on level 4 of the Dungeon.
             The game lasted 00:02:06 (1693 turns).

M4edhros the Sneak (Octopode Artificer)             Turns: 1693, Time: 00:02:07

Health: -1/33      AC:  1    Str: 11    XL:     5   Next: 52%
Magic:  8/8        EV: 13    Int: 13    God:
Gold:   91         SH:  0    Dex: 14    Spells: 4/4 levels left

rFire    . . .     SeeInvis .   e - +0 spear (curse)
rCold    . . .     Gourm    .   (no shield)
rNeg     . . .     Faith    .   (helmet restricted)
rPois    .         Spirit   .   (no amulet)
rElec    .         Reflect  .   (no ring)
rCorr    .         Harm     .   (no ring)
MR       .....                  (no ring)
Stlth    ++++......             (no ring)
HPRegen  0.11/turn              (no ring)
MPRegen  0.11/turn              (no ring)
                                (no ring)
                                (no ring)

@: hasted, very quick
A: almost no armour, stealthy swim, amphibious, 8 rings, constrict 8, camouflage
1, gelatinous body 1
a: no special abilities


You were on level 4 of the Dungeon.
You were hungry.

You visited 1 branch of the dungeon, and saw 4 of its levels.

You collected 91 gold pieces.

Inventory:

Hand Weapons
 a - a +0 short sword
 e - a cursed +0 spear (weapon)
 h - a +0 hunting sling
Missiles
 m - 4 poisoned darts (quivered)
Wands
 b - a wand of flame (13)
 c - a wand of enslavement (8)
 d - a wand of random effects (15)
Scrolls
 g - a scroll of enchant armour {unknown}
 k - a scroll of noise {unknown}
 l - a scroll of teleportation {unknown}
 o - a scroll of enchant weapon {unknown}
Potions
 j - 2 potions of haste
Comestibles
 f - 5 rations
 n - 2 chunks of flesh


   Skills:
 - Level 1.0 Fighting
 - Level 1.0 Short Blades
 - Level 2.0 Dodging
 + Level 5.3 Stealth
 + Level 5.2 Evocations


You had 4 spell levels left.
You didn't know any spells.
Your spell library was empty.

Dungeon Overview and Level Annotations

Branches:
Dungeon (4/15)
 Temple: D:4-7

Altars:


Innate Abilities, Weirdness & Mutations

You cannot wear most types of armour.
You are very stealthy in the water. (Stealth+)
You are amphibious.
You can wear up to eight rings at the same time.
You can use your tentacles to constrict eight enemies at once.
Your skin changes colour to match your surroundings (Stealth+).
Your rubbery body absorbs attacks. (AC +1, EV +1)


Message History

Aiming: Enslavement
Press: ? - help, Shift-Dir - straight line, f/p - orc wizard
Aim: an orc wizard, wielding a +0 dagger and wearing a +0 robe (fast, chance to defeat MR: 62%)
The orc wizard is charmed.
Your orc wizard casts a spell.
Your orc wizard blinks!
The orc hits you with a +0 morningstar.
* * * LOW HITPOINT WARNING * * *
The orc hits you with a +0 club.
* * * LOW HITPOINT WARNING * * *
The orc hits your orc wizard with a +0 club.
You see here a leather armour.
Your orc wizard mumbles some strange words.
Your orc wizard blinks!
It was a potion of haste.
You feel yourself speed up.
It was a potion of magic.
Magic courses through your body.
Your orc wizard gestures wildly while chanting.
Your orc wizard blinks!
The orc hits you with a +0 club.
You die...

.....+†....................
....##......#....#########.
>.......................#
....########.....###....#
........## #...### #....#
.........# #...# #....#
.<.... .........#
#...######÷..# .....#
.........# #...#..o.....#
.....# .....###.# ...
#@oo...o###......
.........#
#........#.......
.......### #....§...#....#
...#.#.# ####.....#....#
##.#.#.# #..o.......##
.#.#.#.. #.............
.#...#... ###........###
..####.... #....##..<.. ..#
...... .....=...#.....##.


You could see 4 orcs and a friendly orc wizard.

Vanquished Creatures
  A hound (D:4)
  An iguana (D:4)
  A worker ant (D:4)
  3 gnolls (D:3)
  An ooze (D:3)
  A worm (D:4)
  A dart slug (D:3)
  14 orcs
  A bat (D:2)
  2 giant cockroaches (D:1)
  4 goblins
  2 hobgoblins
  4 jackals (D:2)
  2 quokkas
  A ball python (D:3)
  A frilled lizard (D:3)
  3 kobolds
  2 rats (D:1)
45 creatures vanquished.

Vanquished Creatures (others)
  A gnoll (D:3)
1 creature vanquished.

Grand Total: 46 creatures vanquished

Notes
Turn   | Place    | Note
-------+----------+-------------------------------------------
     0 | D:1      | M4edhros the Octopode Artificer began the quest for the
                  | Orb.
     0 | D:1      | Reached XP level 1. HP: 13/13 MP: 3/3
   157 | D:1      | Reached XP level 2. HP: 18/18 MP: 4/4
   629 | D:3      | Reached XP level 3. HP: 20/23 MP: 5/5
   812 | D:3      | Reached XP level 4. HP: 16/28 MP: 7/7
  1302 | D:4      | Reached XP level 5. HP: 16/33 MP: 8/8
  1461 | D:4      | Reached skill level 5 in Stealth
  1461 | D:4      | Reached skill level 5 in Evocations
  1693 | D:4      | Slain by an orc

Levels and vault maps discovered:
D:1:      dpeg_arrival_lava_temple_mockup, layout_loops_cross, nrook_campfire,
          cheibriados_altar_1
D:2:      layout_loops_ring, grunt_temple_overflow_open
D:3:      layout_basic, first_ration, nrook_loot_triangle, hangedman_glass_teeth
D:4:      layout_basic, minmay_temple_entry_sparse_star, columned_hall_lemuel

Skill      XL: |  1  2  3  4  5 |
---------------+----------------+-----
Stealth        | 2 3 4 5 |  5.3
Evocations     | 4 5 |  5.2
Fighting       | |  1.0
Short Blades   | |  1.0
Dodging        | |  2.0

Action                   |  1- 3 |  4- 6 || total
-------------------------+-------+-------++-------
Melee: Spear             |    69 |    51 ||   120
       Constrict         |    13 |    11 ||    24
       Tentacles         |    13 |     8 ||    21
Throw: Dart              |       |     1 ||     1
Evoke: Wand              |     3 |     6 ||     9
  Use: Potion            |       |     2 ||     2
 Stab: Sleeping          |     6 |       ||     6
  Eat: Chunk             |       |     2 ||     2
Armor: Skin              |     1 |     1 ||     2
Dodge: Dodged            |    37 |    42 ||    79

Table legend:
 A = Non-vault XP
 B = Vault XP
 C = Vault XP percentage of total XP
 D = Non-vault monster count
 E = Vault monster count
 F = Vault count percentage of total count
                 A         B        C        D         E       F
            +---------+---------+-------+---------+---------+-------
      Total |     246 |       0 |   0.0 |      45 |       0 |   0.0
            +---------+---------+-------+---------+---------+-------
        D:1 |      15 |       0 |   0.0 |       9 |       0 |   0.0
        D:2 |      14 |       0 |   0.0 |       7 |       0 |   0.0
        D:3 |      84 |       0 |   0.0 |      19 |       0 |   0.0
        D:4 |     133 |       0 |   0.0 |      10 |       0 |   0.0
            +---------+---------+-------+---------+---------+-------
